 Dungeon Crawl Stone Soup version 0.27-a0-13-g87abb2d9eb (webtiles) character file.

Game seed: 12724844086440031660

80 pkoi the Insei (level 4, 0/38 HPs)
             Began as a Draconian Monk on Jan 3, 2021.
             Was a Believer of Cheibriados.
             Succumbed to an orc wizard's poison
             ... on level 3 of the Dungeon.
             The game lasted 00:02:24 (2136 turns).

pkoi the Insei (Draconian Monk)                     Turns: 2136, Time: 00:02:25

Health: 0/38       AC:  5    Str: 17    XL:     4   Next: 18%
Magic:  13/13      EV: 13    Int: 15    God:    Cheibriados [**....]
Gold:   54         SH:  0    Dex: 18    Spells: 3/3 levels left

rFire    . . .     SeeInvis .     - Unarmed
rCold    . . .     Faith    .   (no shield)
rNeg     . . .     Spirit   .   (armour unavailable)
rPois    .         Reflect  .   (helmet restricted)
rElec    .         Harm     .   (no cloak)
rCorr    .         Rampage  .   (no gloves)
Will     .....                  (no boots)
Stlth    +.........             (no amulet)
HPRegen  0.12/turn              h - ring of magical power
MPRegen  0.13/turn              (no ring)

@: confused, lethally poisoned (0 -> -30), very slow
A: unfitting armour, cold-blooded, AC +5
a: Renounce Religion, Bend Time


You were on level 3 of the Dungeon.
You worshipped Cheibriados.
Cheibriados was pleased with you.
You visited 1 branch of the dungeon, and saw 3 of its levels.

You collected 54 gold pieces.

Inventory:

Missiles
 a - 30 poisoned darts (quivered)
Jewellery
 h - a ring of magical power (left hand)
Scrolls
 b - 3 scrolls of teleportation {unknown}
 c - 3 scrolls of identify {unknown}
 f - a scroll of amnesia {unknown}
 k - a scroll of magic mapping {unknown}
 l - a scroll of enchant armour {unknown}
Potions
 e - a potion of resistance {unknown}
 g - a potion of haste {unknown}
 i - 2 potions of might {unknown}
 j - a potion of curing {unknown}


   Skills:
 - Level 3.2 Fighting
 - Level 2.6 Dodging
 - Level 1.7 Stealth
 + Level 5.1 Unarmed Combat
 + Level 0.0 Invocations


You had 3 spell levels left.
You didn't know any spells.
Your spell library was empty.

Dungeon Overview and Level Annotations

Branches:
Dungeon (3/15)

Altars:
Cheibriados
Makhleb
Vehumet
Xom
Zin
The Shining One


Innate Abilities, Weirdness & Mutations

Your plain brown scales are hard. (AC +5)
You cannot fit into any form of body armour.
You are cold-blooded and may be slowed by cold attacks.


Message History

You bump into the rock wall.
You feel sick. The orc misses you.
The orc wizard hits you but does no damage.
You are lethally poisoned!
The orc hits you but does no damage. The orc barely misses you.
Unknown command.
Unknown command.
You feel sick. The hobgoblin hits you with a +0 club.
The orc wizard gestures at you while chanting.
The magic dart hits you.
* * * LOW HITPOINT WARNING * * *
The orc closely misses you. The orc barely misses you.
The orc wizard hits you with a +2 dagger of venom.
* * * LOW HITPOINT WARNING * * *
You are more poisoned.
The orc hits you with a +0 trident.
* * * LOW HITPOINT WARNING * * *
The hobgoblin closely misses you. The orc barely misses you.
Unknown command.
It was a potion of magic.
Magic courses through your body.
You die...

###.#... .
....... .
###..#..# .#
.......##.#
##...?....
##...#...#
#....SoS.#
#ooo###..#
#g@o......
#?###.#..#
#.<.......
..............#
..####........#
........o#
.....!.....
####.###.#.#
#.# .# #


You could see an orc wizard, an adder, 4 orcs, a hobgoblin and a ball python.

Vanquished Creatures
  3 adders (D:2)
  A worm (D:2)
  3 dart slugs
  2 leopard geckos (D:2)
  A ball python (D:3)
  4 giant cockroaches
  6 goblins
  4 hobgoblins
  6 bats
  3 frilled lizards
  4 kobolds (D:1)
  5 rats
42 creatures vanquished.

Notes
Turn   | Place    | Note
-------+----------+-------------------------------------------
     0 | D:1      | pkoi the Draconian Monk began the quest for the Orb.
     0 | D:1      | Reached XP level 1. HP: 19/19 MP: 1/1
   320 | D:1      | Reached XP level 2. HP: 26/26 MP: 2/2
   668 | D:1      | Reached skill level 4 in Unarmed Combat
  1227 | D:2      | Reached XP level 3. HP: 27/31 MP: 3/3
  1288 | D:2      | Found a burning altar of Makhleb.
  1721 | D:2      | Found a radiant altar of Vehumet.
  1721 | D:2      | Found a glowing silver altar of Zin.
  1722 | D:2      | Found a shimmering altar of Xom.
  1802 | D:2      | Reached XP level 4. HP: 38/38 MP: 4/4
  1818 | D:2      | Found a glowing golden altar of the Shining One.
  1911 | D:2      | Reached skill level 5 in Unarmed Combat
  2009 | D:2      | Found a snail-covered altar of Cheibriados.
  2019 | D:2      | Became a worshipper of Cheibriados the Contemplative
  2019 | D:2      | Reached * piety under Cheibriados
  2019 | D:2      | Reached ** piety under Cheibriados
  2135 | D:3      | HP: 1/38 [orc/+0 trident (6)]
  2136 | D:3      | Succumbed to an orc wizard's poison

Illustrated notes

Levels and vault maps discovered:
D:1:      tarquinn_simple_flora_water_d, layout_basic
D:2:      layout_loops_cross, lemuel_round_altar, lemuel_coloured_pillars_altar,
          kennysheep_slug_shrine, gammafunk_temple_overflow_claw
D:3:      layout_loops_ring, lemuel_crystal_altar, lemuel_crystal_altar,
          gup_sewer_entry_bowl, chequers_serial_rivers_room_a,
          kennysheep_another_room

Skill      XL: |  1  2  3  4 |
---------------+-------------+-----
Unarmed Combat | 4 5 |  5.1
Fighting       | |  3.2
Dodging        | |  2.6
Stealth        | |  1.7

Action                   |  1- 3 |  4- 6 || total
-------------------------+-------+-------++-------
Melee: Unarmed           |   115 |    22 ||   137
       Tailslap          |    12 |     3 ||    15
       Punch             |     4 |       ||     4
  Use: Potion            |       |     1 ||     1
 Stab: Sleeping          |     4 |       ||     4
       Distracted        |     1 |       ||     1
Armor: Skin              |    21 |     9 ||    30
Dodge: Dodged            |    65 |    28 ||    93

Table legend: (Time is in decaauts)
 A = Elapsed time spent in this place.
 B = Non-inter-level travel time spent in this place.
 C = Inter-level travel time spent in this place.
 D = Time resting spent in this place.
 E = Time spent auto-exploring this place.
 F = Levels seen in this place.
 G = Mean time per level.
                   A        B        C        D        E       F      G
               +--------+--------+--------+--------+--------+-----+--------+
         Total |   2175 |   2121 |     54 |    145 |   1630 |   3 |  725.0 |
       Dungeon |   2175 |   2121 |     54 |    145 |   1630 |   3 |  725.0 |
               +--------+--------+--------+--------+--------+-----+--------+

Top non-repeatable levels by time:
     D:1: 1209 daAuts
     D:2: 953 daAuts
     D:3: 12 daAuts
